 Dungeon Sprint DCSS version 0.18-a0-1788-g92de1ac (webtiles) character file.

60 Kidiri the Shield-Bearer (level 4, -6/31 HPs)
             Began as a Gargoyle Fighter on Apr 19, 2016.
             Was an Initiate of Okawaru.
             Mangled by a two-headed ogre
             ... wielding a +0 dire flail
              (16 damage)
             ... in the Dungeon (Sprint IX: "|||||||||||||||||||||||||||||").
             The game lasted 00:02:05 (239 turns).

Kidiri the Shield-Bearer (Gargoyle Fighter)          Turns: 239, Time: 00:02:06

Health: -6/31      AC: 18    Str: 19    XL:     4   Next: 4%
Magic:  4/4        EV:  5    Int: 12    God:    Okawaru [......]
Gold:   0          SH: 10    Dex: 13    Spells: 0 memorised, 3 levels left

rFire  . . .     SeeInvis .     q - +2 morningstar (crush)
rCold  . . .     Gourm    .     s - +0 plate armour
rNeg   + . .     Faith    .     c - +0 shield
rPois  ∞         Spirit   .     a - +0 helmet
rElec  +         Dismiss  .     (no cloak)
rCorr  .         Reflect  .     r - +0 pair of gloves
SustAt .         Harm     .     (no boots)
MR     .....     NoTele   +     (no amulet)
Stlth  ..........               t - +3 ring of dexterity
                                b - +3 ring of intelligence

@: not resistant to hostile enchantments, extremely unstealthy
A: negative energy resistance 1, electricity resistance, unbreathing,
petrification resistance, rot immunity, AC +3
a: Renounce Religion


You were in the Dungeon.
You worshipped Okawaru.
Okawaru was noncommittal.
You were not hungry.

You visited 1 branch

Inventory:

Hand Weapons
 q - a +2 morningstar of crushing (weapon)
Armour
 a - a +0 helmet (worn)
 c - a +0 shield (worn)
 r - a +0 pair of gloves (worn)
 s - a +0 plate armour (worn)
Jewellery
 b - a +3 ring of intelligence (left hand)
 t - a +3 ring of dexterity (right hand)
Wands
 p - a wand of iceblast (7/15)
Scrolls
 k - 2 scrolls of blinking
 n - 3 scrolls of remove curse
 o - 2 scrolls of amnesia
Potions
 d - a potion of might
 e - 5 potions of curing
 g - a potion of invisibility
 h - a potion of haste
 i - 4 potions of magic
 j - a potion of berserk rage
 m - 2 potions of heal wounds
Comestibles
 f - a bread ration
 l - a chunk of flesh


   Skills:
 * Level 5.0 Fighting
 + Level 3.1 Maces & Flails
 * Level 5.0 Armour
 * Level 2.5 Dodging
 * Level 5.2 Shields
 + Level 0.0 Invocations


You had 3 spell levels left.
You didn't know any spells.

Dungeon Overview and Level Annotations

Branches:
Dungeon (1/1)

Altars:
Cheibriados
Dithmenos
Elyvilon
Fedhas
Gozag
Kikubaaqudgha
Makhleb
Nemelex Xobeh
Okawaru
Pakellas
Qazlal
Ru
Sif Muna
Trog
Vehumet
Xom
Yredelemnul
Zin
The Shining One
Beogh
Jiyva
Lugonu


Innate Abilities, Weirdness & Mutations

You are resistant to torment.
Your stone body is resilient (AC +3).
You are immune to poison.
You resist negative energy.
You are resistant to electric shocks.
You can survive without breathing.
You are immune to petrification.
You are immune to rotting.


Message History

The adder skeleton bites you but does no damage.
You block the adder skeleton's attack.
You puncture the adder skeleton!
You destroy the adder skeleton!
Okawaru accepts your kill.
Your Armour skill increases to level 5!
You have reached level 4!
You feel clever.
You block the giant cockroach zombie's attack.
The shadow imp shouts, "Scamper away, thou vain fly-bitten ratsbane!"
You puncture the giant cockroach zombie!
You destroy the giant cockroach zombie!
Okawaru accepts your kill.
The two-headed ogre hits you with a dire flail!
The two-headed ogre hits you with a giant club!
Your plate armour prevents you from hitting the two-headed ogre.
The two-headed ogre hits you with a dire flail.
The two-headed ogre hits you with a giant club!
Ouch! That really hurt!
You die...

▓.▓
▓.▓
▓.▓
▓F▓
▓y▓
▓5▓
▓O▓
▓@▓
▓.▓
▓[▓
▓.▓
▓.▓
▓)▓
▓|▓
▓.▓
▓.▓


You could see a two-headed ogre, a giant frog, a wasp and a shadow imp.

Vanquished Creatures
  A jelly (D)
  An adder (D)
  An adder zombie (D)
  An adder skeleton (D)
  A worm (D)
  A dart slug (D)
  2 bats (D)
  A bat zombie (D)
  A giant cockroach (D)
  A giant cockroach zombie (D)
  A kobold (D)
12 creatures vanquished.

Vanquished Creatures (others)
  A spatial maelstrom (D)
1 creature vanquished.

Grand Total: 13 creatures vanquished

Notes
Turn   | Place    | Note
--------------------------------------------------------------
     0 | D        | Kidiri the Gargoyle Fighter began the quest for the Orb.
     0 | D        | Reached XP level 1. HP: 14/14 MP: 1/1
    24 | D        | Reached skill level 1 in Dodging
    24 | D        | Reached XP level 2. HP: 14/20 MP: 2/2
    37 | D        | Banished a spatial maelstrom
   146 | D        | Reached XP level 3. HP: 20/24 MP: 3/3
   149 | D        | HP: 1/24 [acid (4)]
   151 | D        | Reached skill level 5 in Fighting
   151 | D        | Reached skill level 5 in Shields
   158 | D        | Found a glowing silver altar of Zin.
   158 | D        | Found a glowing golden altar of the Shining One.
   158 | D        | Found an ancient bone altar of Kikubaaqudgha.
   158 | D        | Found a basalt altar of Yredelemnul.
   158 | D        | Found a shimmering altar of Xom.
   158 | D        | Found a radiant altar of Vehumet.
   159 | D        | Found an iron altar of Okawaru.
   160 | D        | Found a burning altar of Makhleb.
   161 | D        | Found a deep blue altar of Sif Muna.
   162 | D        | Found a bloodstained altar of Trog.
   163 | D        | Found a sparkling altar of Nemelex Xobeh.
   164 | D        | Found a white marble altar of Elyvilon.
   165 | D        | Found a roughly hewn altar of Beogh.
   166 | D        | Found a viscous altar of Jiyva.
   167 | D        | Found a corrupted altar of Lugonu.
   168 | D        | Found a blossoming altar of Fedhas.
   171 | D        | Became a worshipper of Warmaster Okawaru
   174 | D        | Found a snail-covered altar of Cheibriados.
   175 | D        | Found a shadowy altar of Dithmenos.
   176 | D        | Found a stormy altar of Qazlal.
   177 | D        | Found an opulent altar of Gozag.
   178 | D        | Found a sacrificial altar of Ru.
   179 | D        | Found an oddly glowing altar of Pakellas.
   234 | D        | Noticed a giant frog
   234 | D        | Noticed a wasp
   234 | D        | Noticed a two-headed ogre
   237 | D        | Reached skill level 5 in Armour
   237 | D        | Reached XP level 4. HP: 31/31 MP: 4/4
   239 | D        | Mangled by a two-headed ogre

Vault maps used:
D:        linesprint

Skill      XL: |  1  2  3 |
---------------+----------+-----
Fighting       | 4 5 |  5.0
Dodging        | 1 2 |  2.5
Shields        | 4 5 |  5.2
Armour         | 4 5 |  5.0
Maces & Flails | 3 |  3.1

Action                   |  1- 3 |  4- 6 || total
-------------------------+-------+-------++-------
Melee: Flail             |    55 |       ||    55
       Morningstar       |     3 |     2 ||     5
  Use: Potion            |     1 |       ||     1
Armor: Scale mail        |    38 |       ||    38
       Plate armour      |     2 |       ||     2
Dodge: Dodged            |    16 |       ||    16
Block: Shield            |    35 |     1 ||    36
